Lightnings vs Kings

Created - 9 décembre 2021 at 16:22

Goals
1 2 3 OT1 SO T
Lightnings 1 0 1 0 2 3
Kings 0 0 2 0 1 2
Shots
1 2 3 OT1 SO T
Lightnings 17 7 6 1 3 31
Kings 9 11 14 0 3 34

GoalsPenalties
1st period
1. Lightnings , Vincent Trocheck 4 (David Perron 9, Shea Theodore 11) at 6:05
Derek Forbort (LOS) for Cross-checking (Minor) at 3:03
William Karlsson (LOS) for Diving (Minor) at 7:49
Kyle Connor (LOS) for Roughing (Minor) at 15:11
2nd period
No Goal
Scott Mayfield (LOS) for Holding (Minor) at 0:26
Tanner Pearson (LOS) for Holding (Minor) at 6:39
Victor Hedman (TAM) for Hooking (Minor) at 10:55
Travis Zajac (TAM) for Hooking (Minor) at 19:19
3rd period
2. Kings , Tanner Pearson 8 (Zdeno Chara 12, Yanni Gourde 8) at 5:27
3. Kings , Brock Boeser 15 (William Karlsson 14, Kyle Connor 15) at 9:39
4. Lightnings , Brandon Saad 6 (Travis Zajac 7) at 11:17 (SH)
Shea Theodore (TAM) for High sticking (Minor) at 2:30
Nick Suzuki (TAM) for Hooking (Minor) at 5:51
Jesper Fast (TAM) for Slashing (Minor) at 9:56
Scott Mayfield (LOS) for Hooking (Minor) at 16:46
Overtime #1
No Goal
Shootout
Lightnings, Artemi Panarin - Goal!
Kings, William Karlsson - Stopped by Andrei Vasilevskiy
Lightnings, Evgeny Kuznetsov - Goal!
Kings, Johnny Gaudreau - Goal!
Lightnings, Nick Suzuki - Stopped by Jordan Binnington
Kings, Kyle Connor - Stopped by Andrei Vasilevskiy
Goalie Stats
Andrei Vasilevskiy (TAM), 32 saves from 34 shots - (0,941), W, 12-4-2, 65:00 minutes
Jordan Binnington (LOS), 29 saves from 31 shots - (0,935), OTL, 10-5-1, 65:00 minutes
3 StarsOfficial
1 - Vincent Trocheck (TAM)
2 - Andrei Vasilevskiy (TAM)
3 - Brock Boeser (LOS)
Referees : Gord Dwyer and Ian Walsh
Linesman : Andy McElman and Jay Sharrers
Game Note
No Game Note
Finance
Level 1 -- Attendance: 5000 (100,00%) -- Ticket Income 325 000 $
Level 2 -- Attendance: 3949 (98,73%) -- Ticket Income 177 705 $
Level 3 -- Attendance: 2865 (95,50%) -- Ticket Income 100 275 $
Level 4 -- Attendance: 2888 (72,20%) -- Ticket Income 72 200 $
Luxury Box -- Attendance: 1000 (100,00%) -- Ticket Income 110 000 $
Game was played at the Golden 1 Center.
Total Attendance: 15702 (92,36%)
Total Ticket Income: 785 180 $
Other Income: 384 738 $
Total Income: 1 169 918 $



Team Name Goals Shots Shots Attemp Shots Blocked PIM HIT PP PK FO%
Lightnings 331521010190 / 6 (0%)046%
Kings 23467512180 / 5 (0%)054%

Lightnings
Player Name POS G A P +/- PIM HIT SHT SB MP PP MP PP SHT PK MP PK SHT FO% FOT
Artemi PanarinLW000-2002019:525:5800:0200% 2
Brandon SaadLW/RW1011001014:280:0004:1710% 0
David PerronLW/RW0111013018:095:5920:0000% 0
Ethan BearD0000000315:180:0004:5100% 0
Evgeny KuznetsovC000-2013020:135:5600:26035% 23
Jesper FastRW0000200014:240:0004:2100% 0
Josh AndersonLW/RW0000023012:065:5610:0000% 1
MacKenzie WeegarD0000024126:045:5535:0400% 0
Mathieu PerreaultLW/RW000001006:100:0000:0000% 0
Matt NiskanenD0000001118:550:0005:0400% 0
Nick SuzukiC/RW000-2231017:010:0004:25067% 6
Patrik NemethD000-1010111:370:0001:1000% 0
Sam ReinhartC/RW0000002014:515:5812:36046% 13
Shea TheodoreD0110201120:425:5500:0000% 0
Timo MeierLW/RW0001003016:525:5600:0000% 2
Travis ZajacC0111220013:460:0003:43050% 18
Victor HedmanD0001235326:235:5943:4100% 0
Vincent TrocheckC/RW1011032018:095:5800:00054% 35
Kings
Player Name POS G A P +/- PIM HIT SHT SB MP PP MP PP SHT PK MP PK SHT FO% FOT
Andy GreeneD0000001115:440:0005:3910% 0
Brock BoeserRW1011026018:004:3400:000100% 2
Brock McGinnLW/RW0000032012:000:0005:3500% 0
Corey PerryLW/RW000-100006:570:0000:1700% 0
David KampfC/LW/RW0000012012:190:0005:54150% 8
Derek ForbortD0000210214:420:0004:3800% 0
Johnny GaudreauLW/RW0000001018:415:2100:0000% 1
Kyle ConnorLW0110224019:445:2110:0000% 2
Pierre-Edouard BellemareC000-1000012:080:0005:28050% 10
Ryan CarpenterC/RW000000107:370:0001:1200% 1
Scott MayfieldD0000413022:524:0913:3500% 0
Shea WeberD000-1020120:254:0900:0800% 0
Tanner PearsonLW/RW1011225019:254:3410:0000% 1
Teddy BluegerC/LW000-1011013:364:3400:00027% 15
William KarlssonC0110204024:445:2135:00060% 40
Yanni GourdeC/LW/RW0111002012:520:0000:22075% 20
Zach WerenskiD0000011126:255:4603:3300% 0
Zdeno CharaD0111021024:495:4606:1500% 0

Lightnings

5 vs 5 Forward
Line #Left WingCenterRight WingPHYDFOFWanted %Time %Time Play
1Artemi PanarinEvgeny KuznetsovNick Suzuki0142931%11:49
2David PerronVincent TrocheckTimo Meier1222727%10:08
3Brandon SaadTravis ZajacJesper Fast0232426%10:04
4Mathieu PerreaultSam ReinhartJosh Anderson1222016%6:10
5 vs 5 Defense
Line #DefenseDefensePHYDFOFWanted %Time %Time Play
1Victor HedmanShea Theodore0234238%14:41
2Matt NiskanenMacKenzie Weegar0322934%13:03
3Patrik NemethEthan Bear0412027%10:27
4Victor HedmanMacKenzie Weegar03290%0:00
Power Play Forward
Line #Left WingCenterRight WingPHYDFOFWanted %Time %Time Play
1Artemi PanarinVincent TrocheckSam Reinhart0055050%5:58
2Timo MeierEvgeny KuznetsovJosh Anderson0055050%5:56
Power Play Defense
Line #DefenseDefensePHYDFOFWanted %Time %Time Play
1Victor HedmanDavid Perron0145050%5:59
2MacKenzie WeegarShea Theodore0145050%5:55
Penalty Kill 4 Players Forward
Line #CenterWingPHYDFOFWanted %Time %Time Play
1Travis ZajacBrandon Saad0415044%4:19
2Nick SuzukiJesper Fast1315056%5:36
Penalty Kill 4 Players Defense
Line #DefenseDefensePHYDFOFWanted %Time %Time Play
1Victor HedmanEthan Bear1225049%4:51
2Matt NiskanenMacKenzie Weegar1315051%5:04
Penalty Kill 3 Players
Line #WingPHYDFOFWanted %Time %Time PlayDefenseDefensePHYDFOFWanted %Time %Time Play
1Evgeny Kuznetsov041500%0:00 Victor HedmanMacKenzie Weegar050500%0:00
2Vincent Trocheck041500%0:00 Matt NiskanenPatrik Nemeth041500%0:00
4 vs 4 Forward
Line #CenterWingPHYDFOFWanted %Time %Time Play
1Vincent TrocheckArtemi Panarin023500%0:00
2Nick SuzukiBrandon Saad122500%0:00
4 vs 4 Defense
Line #DefensePHYDFOFWanted %Time %Time Play
1Victor HedmanPatrik Nemeth131500%0:00
2Ethan BearMacKenzie Weegar122500%0:00
Last Minutes Offensive
Left WingCenterRight WingDefenseDefense
Artemi PanarinEvgeny KuznetsovTimo MeierVictor HedmanDavid Perron
Last Minutes Defensive
Left WingCenterRight WingDefenseDefense
Brandon SaadTravis ZajacJesper FastVictor HedmanMacKenzie Weegar
Time
Total ForwardTotal DefenseLast Minutes OffensiveLast Minutes Defensive
60:00 60:00 0:000:00
Extra Forwards
Normal PowerPlayPenalty Kill
Josh Anderson, David Perron, Sam ReinhartTravis Zajac, David PerronSam Reinhart
Extra Defensemen
Normal PowerPlayPenalty Kill
Shea Theodore, MacKenzie Weegar, Matt NiskanenShea Theodore, Patrik NemethMatt Niskanen
Penalty Shots
Artemi Panarin, Evgeny Kuznetsov, Nick Suzuki, Sam Reinhart, David Perron
Goalie
Andrei Vasilevskiy, Jack Campbell
Custom OT Lines Forwards
Artemi Panarin, Vincent Trocheck, Evgeny Kuznetsov, David Perron, Nick Suzuki, Timo Meier, Brandon Saad, Sam Reinhart, Josh Anderson, Jesper Fast
Custom OT Lines Defensemen
Victor Hedman, MacKenzie Weegar, Matt Niskanen, Shea Theodore, Patrik Nemeth
Scratches
Jani Hakanpaa (Healthy)

Kings

5 vs 5 Forward
Line #Left WingCenterRight WingPHYDFOFWanted %Time %Time Play
1Kyle ConnorWilliam KarlssonBrock Boeser0233933%12:36
2Johnny GaudreauYanni GourdeTanner Pearson0233733%12:30
3Pierre-Edouard BellemareTeddy BluegerCorey Perry1221417%6:40
4Brock McGinnDavid KampfRyan Carpenter2211017%6:25
5 vs 5 Defense
Line #DefenseDefensePHYDFOFWanted %Time %Time Play
1Zach WerenskiShea Weber1224340%15:18
2Scott MayfieldZdeno Chara1313634%12:48
3Derek ForbortAndy Greene1402126%10:05
4Zach WerenskiDerek Forbort04100%0:00
Power Play Forward
Line #Left WingCenterRight WingPHYDFOFWanted %Time %Time Play
1Johnny GaudreauWilliam KarlssonKyle Connor0145054%5:21
2Tanner PearsonTeddy BluegerBrock Boeser0145046%4:34
Power Play Defense
Line #DefenseDefensePHYDFOFWanted %Time %Time Play
1Zach WerenskiZdeno Chara0235558%5:46
2Shea WeberScott Mayfield0234542%4:09
Penalty Kill 4 Players Forward
Line #CenterWingPHYDFOFWanted %Time %Time Play
1William KarlssonDavid Kampf1405050%5:58
2Pierre-Edouard BellemareBrock McGinn1405050%5:56
Penalty Kill 4 Players Defense
Line #DefenseDefensePHYDFOFWanted %Time %Time Play
1Derek ForbortZdeno Chara1405053%6:15
2Andy GreeneScott Mayfield1405047%5:39
Penalty Kill 3 Players
Line #WingPHYDFOFWanted %Time %Time PlayDefenseDefensePHYDFOFWanted %Time %Time Play
1Pierre-Edouard Bellemare050500%0:00 Scott MayfieldShea Weber140500%0:00
2David Kampf050500%0:00 Derek ForbortAndy Greene140500%0:00
4 vs 4 Forward
Line #CenterWingPHYDFOFWanted %Time %Time Play
1William KarlssonKyle Connor023550%0:00
2Brock BoeserJohnny Gaudreau023450%0:00
4 vs 4 Defense
Line #DefensePHYDFOFWanted %Time %Time Play
1Zach WerenskiZdeno Chara032500%0:00
2Scott MayfieldShea Weber032500%0:00
Last Minutes Offensive
Left WingCenterRight WingDefenseDefense
Johnny GaudreauWilliam KarlssonKyle ConnorBrock BoeserZach Werenski
Last Minutes Defensive
Left WingCenterRight WingDefenseDefense
Brock McGinnPierre-Edouard BellemareTeddy BluegerScott MayfieldShea Weber
Time
Total ForwardTotal DefenseLast Minutes OffensiveLast Minutes Defensive
60:00 60:00 0:000:00
Extra Forwards
Normal PowerPlayPenalty Kill
Johnny Gaudreau, Brock Boeser, Kyle ConnorYanni Gourde, Corey PerryRyan Carpenter
Extra Defensemen
Normal PowerPlayPenalty Kill
Zach Werenski, Shea Weber, Scott MayfieldZdeno Chara, Zach WerenskiZdeno Chara
Penalty Shots
William Karlsson, Johnny Gaudreau, Kyle Connor, Brock Boeser, Zach Werenski
Goalie
Jordan Binnington, Curtis McElhinney
Custom OT Lines Forwards
William Karlsson, Kyle Connor, Johnny Gaudreau, Brock Boeser, Tanner Pearson, Teddy Blueger, Yanni Gourde, Pierre-Edouard Bellemare, Corey Perry, Ryan Carpenter
Custom OT Lines Defensemen
Zach Werenski, Shea Weber, Scott Mayfield, Zdeno Chara, Derek Forbort
Scratches
Niko Mikkola (Healthy), Dylan McIlrath (Healthy), Tyler Ennis (Healthy)


Play-by-Play

1st period


0:01 of 1st period - William Karlsson wins face-off versus Evgeny Kuznetsov in neutral zone.
0:01 of 1st period - Brock Boeser is hit by Evgeny Kuznetsov and loses puck.
0:09 of 1st period - Brock Boeser is hit by Victor Hedman and loses puck.
0:12 of 1st period - Shot by Zach Werenski.
0:12 of 1st period - Shot Hit the Post.
0:16 of 1st period - Shot by Kyle Connor.
0:16 of 1st period - Stopped by Andrei Vasilevskiy without a rebound.
0:17 of 1st period - Yanni Gourde wins face-off versus Vincent Trocheck in Lightnings zone.
0:22 of 1st period - Shot by Yanni Gourde.
0:22 of 1st period - Shot Misses the Net.
0:56 of 1st period - Zdeno Chara is hit by Vincent Trocheck and loses puck.
2:35 of 1st period - Andy Greene is hit by Mathieu Perreault and loses puck.
3:03 of 1st period - Minor Penalty to Derek Forbort for Cross-checking.
3:04 of 1st period - Vincent Trocheck wins face-off versus William Karlsson in Kings zone.
3:27 of 1st period - Shot by David Perron.
3:27 of 1st period - Stopped by Jordan Binnington without a rebound.
3:28 of 1st period - Pierre-Edouard Bellemare wins face-off versus Evgeny Kuznetsov in Kings zone.
3:28 of 1st period - Pierre-Edouard Bellemare is hit by Josh Anderson.
3:52 of 1st period - Shot by Timo Meier.
3:52 of 1st period - Shot Misses the Net.
5:04 of 1st period - Shot by Brock McGinn.
5:04 of 1st period - Stopped by Andrei Vasilevskiy without a rebound.
5:05 of 1st period - Yanni Gourde wins face-off versus Travis Zajac in Lightnings zone.
5:33 of 1st period - Icing by Andy Greene.
5:34 of 1st period - Evgeny Kuznetsov wins face-off versus Yanni Gourde in Kings zone.
5:55 of 1st period - Shot by Artemi Panarin.
5:55 of 1st period - Stopped by Jordan Binnington without a rebound.
5:56 of 1st period - Vincent Trocheck wins face-off versus Teddy Blueger in Kings zone.
6:05 of 1st period - Shot by Vincent Trocheck.
6:05 of 1st period - Goal by Vincent Trocheck - Lightnings : 1 - Kings : 0.
6:06 of 1st period - Evgeny Kuznetsov wins face-off versus Teddy Blueger in neutral zone.
6:11 of 1st period - Pierre-Edouard Bellemare is hit by Nick Suzuki and loses puck.
6:22 of 1st period - Shot by Evgeny Kuznetsov.
6:22 of 1st period - Stopped by Jordan Binnington with a rebound.
6:24 of 1st period - Shot by Victor Hedman.
6:24 of 1st period - Shot Misses the Net.
7:20 of 1st period - Shot by Timo Meier.
7:20 of 1st period - Stopped by Jordan Binnington with a rebound.
7:22 of 1st period - Shot by Matt Niskanen.
7:22 of 1st period - Stopped by Jordan Binnington without a rebound.
7:23 of 1st period - Sam Reinhart wins face-off versus William Karlsson in Kings zone.
7:25 of 1st period - Josh Anderson is hit by Scott Mayfield.
7:31 of 1st period - Shot by Sam Reinhart.
7:31 of 1st period - Stopped by Jordan Binnington with a rebound.
7:34 of 1st period - Icing by Zdeno Chara.
7:35 of 1st period - William Karlsson wins face-off versus Travis Zajac in Kings zone.
7:49 of 1st period - Minor Penalty to William Karlsson for Diving.
7:50 of 1st period - Pierre-Edouard Bellemare wins face-off versus Evgeny Kuznetsov in Kings zone.
8:33 of 1st period - Josh Anderson is hit by Zdeno Chara and loses puck.
9:59 of 1st period - William Karlsson is hit by Travis Zajac and loses puck.
10:06 of 1st period - Zach Werenski is hit by Patrik Nemeth and loses puck.
10:47 of 1st period - Icing by Brandon Saad.
10:48 of 1st period - Yanni Gourde wins face-off versus Travis Zajac in Lightnings zone.
10:59 of 1st period - Shot by Tanner Pearson.
10:59 of 1st period - Deflect By Yanni Gourde.
10:59 of 1st period - Shot Misses the Net.
11:30 of 1st period - Shot by Johnny Gaudreau.
11:30 of 1st period - Shot Misses the Net.
11:37 of 1st period - Brandon Saad is hit by Derek Forbort and loses puck.
12:01 of 1st period - Icing by Johnny Gaudreau.
12:02 of 1st period - Yanni Gourde wins face-off versus Vincent Trocheck in Kings zone.
12:23 of 1st period - Shot by Vincent Trocheck.
12:23 of 1st period - Shot Misses the Net.
12:25 of 1st period - Shot by Timo Meier.
12:25 of 1st period - Stopped by Jordan Binnington without a rebound.
12:26 of 1st period - Evgeny Kuznetsov wins face-off versus Ryan Carpenter in Kings zone.
12:47 of 1st period - Nick Suzuki is hit by Brock McGinn and loses puck.
12:52 of 1st period - Shot by Zach Werenski.
12:52 of 1st period - Shot Blocked by Shea Theodore.
12:54 of 1st period - Shot by Ryan Carpenter.
12:54 of 1st period - Shot Blocked by Victor Hedman.
12:56 of 1st period - Shot by Zach Werenski.
12:56 of 1st period - Shot Misses the Net.
12:58 of 1st period - Shot by Ryan Carpenter.
12:58 of 1st period - Shot Blocked by Victor Hedman.
13:00 of 1st period - Shot by Zach Werenski.
13:00 of 1st period - Stopped by Andrei Vasilevskiy without a rebound.
13:01 of 1st period - William Karlsson wins face-off versus Sam Reinhart in Lightnings zone.
13:06 of 1st period - Shot by Zdeno Chara.
13:06 of 1st period - Stopped by Andrei Vasilevskiy without a rebound.
13:07 of 1st period - William Karlsson wins face-off versus Sam Reinhart in Lightnings zone.
13:24 of 1st period - Shot by Kyle Connor.
13:24 of 1st period - Stopped by Andrei Vasilevskiy without a rebound.
13:25 of 1st period - Yanni Gourde wins face-off versus Vincent Trocheck in Lightnings zone.
13:25 of 1st period - Shea Weber is hit by Victor Hedman and loses puck.
13:38 of 1st period - Shot by Johnny Gaudreau.
13:38 of 1st period - Stopped by Andrei Vasilevskiy without a rebound.
13:39 of 1st period - Evgeny Kuznetsov wins face-off versus William Karlsson in Lightnings zone.
13:39 of 1st period - Evgeny Kuznetsov is hit by Kyle Connor.
14:02 of 1st period - Shot by Brock Boeser.
14:02 of 1st period - Stopped by Andrei Vasilevskiy without a rebound.
14:03 of 1st period - Yanni Gourde wins face-off versus Vincent Trocheck in Lightnings zone.
14:23 of 1st period - Icing by Shea Theodore.
14:24 of 1st period - William Karlsson wins face-off versus Timo Meier in Lightnings zone.
14:29 of 1st period - Shot by Brock Boeser.
14:29 of 1st period - Stopped by Andrei Vasilevskiy without a rebound.
14:30 of 1st period - Brock Boeser wins face-off versus Sam Reinhart in Lightnings zone.
15:02 of 1st period - Brock Boeser is hit by Josh Anderson and loses puck.
15:11 of 1st period - Minor Penalty to Kyle Connor for Roughing.
15:12 of 1st period - Vincent Trocheck wins face-off versus Pierre-Edouard Bellemare in Kings zone.
15:34 of 1st period - Shot by Victor Hedman.
15:34 of 1st period - Stopped by Jordan Binnington without a rebound.
15:35 of 1st period - Pierre-Edouard Bellemare wins face-off versus Evgeny Kuznetsov in Kings zone.
15:44 of 1st period - Shot by MacKenzie Weegar.
15:44 of 1st period - Stopped by Jordan Binnington without a rebound.
15:45 of 1st period - Pierre-Edouard Bellemare wins face-off versus Evgeny Kuznetsov in Kings zone.
16:22 of 1st period - Shot by Victor Hedman.
16:22 of 1st period - Stopped by Jordan Binnington without a rebound.
16:23 of 1st period - Vincent Trocheck wins face-off versus William Karlsson in Kings zone.
16:28 of 1st period - Shot by Artemi Panarin.
16:28 of 1st period - Shot Misses the Net.
16:30 of 1st period - Shot by Sam Reinhart.
16:30 of 1st period - Stopped by Jordan Binnington without a rebound.
16:31 of 1st period - William Karlsson wins face-off versus Vincent Trocheck in Kings zone.
16:40 of 1st period - Pierre-Edouard Bellemare is hit by Vincent Trocheck and loses puck.
16:51 of 1st period - Shot by Sam Reinhart.
16:51 of 1st period - Shot Misses the Net.
16:53 of 1st period - Shot by MacKenzie Weegar.
16:53 of 1st period - Stopped by Jordan Binnington without a rebound.
16:54 of 1st period - Evgeny Kuznetsov wins face-off versus William Karlsson in Kings zone.
17:04 of 1st period - Off-side.
17:05 of 1st period - Pierre-Edouard Bellemare wins face-off versus Artemi Panarin in neutral zone.
17:08 of 1st period - Sam Reinhart is hit by Brock McGinn and loses puck.
17:40 of 1st period - Shot by Shea Theodore.
17:40 of 1st period - Stopped by Jordan Binnington with a rebound.
17:42 of 1st period - Shot by Brandon Saad.
17:42 of 1st period - Shot Blocked by Shea Weber.
17:44 of 1st period - Shot by Brandon Saad.
17:44 of 1st period - Shot Misses the Net.
17:49 of 1st period - Icing by Shea Weber.
17:50 of 1st period - William Karlsson wins face-off versus Evgeny Kuznetsov in Kings zone.
17:57 of 1st period - Matt Niskanen is hit by Brock Boeser and loses puck.
18:20 of 1st period - Shot by Johnny Gaudreau.
18:20 of 1st period - Deflect By Yanni Gourde.
18:20 of 1st period - Stopped by Andrei Vasilevskiy without a rebound.
18:21 of 1st period - David Kampf wins face-off versus Vincent Trocheck in Lightnings zone.
18:48 of 1st period - Shot by Zdeno Chara.
18:48 of 1st period - Shot Blocked by Ethan Bear.
18:57 of 1st period - Off-side.
18:58 of 1st period - Yanni Gourde wins face-off versus Nick Suzuki in neutral zone.
19:15 of 1st period - Shot by Evgeny Kuznetsov.
19:15 of 1st period - Stopped by Jordan Binnington with a rebound.
19:17 of 1st period - Shot by Victor Hedman.
19:17 of 1st period - Stopped by Jordan Binnington without a rebound.
19:18 of 1st period - Sam Reinhart wins face-off versus William Karlsson in Kings zone.
19:23 of 1st period - Shot by Josh Anderson.
19:23 of 1st period - Stopped by Jordan Binnington without a rebound.
19:24 of 1st period - Yanni Gourde wins face-off versus Evgeny Kuznetsov in Kings zone.
Goals for this period are 1 for Lightnings vs 0 for Kings.
Shots for this period are 17 for Lightnings vs 9 for Kings.

2nd period


0:01 of 2nd period - William Karlsson wins face-off versus Vincent Trocheck in neutral zone.
0:01 of 2nd period - William Karlsson is hit by David Perron.
0:05 of 2nd period - Shot by Scott Mayfield.
0:05 of 2nd period - Shot Misses the Net.
0:07 of 2nd period - Shot by William Karlsson.
0:07 of 2nd period - Deflect By Brock Boeser.
0:07 of 2nd period - Stopped by Andrei Vasilevskiy without a rebound.
0:08 of 2nd period - Brock Boeser wins face-off versus Vincent Trocheck in Lightnings zone.
0:26 of 2nd period - Minor Penalty to Scott Mayfield for Holding.
0:27 of 2nd period - Vincent Trocheck wins face-off versus Pierre-Edouard Bellemare in Kings zone.
0:28 of 2nd period - Shot by MacKenzie Weegar.
0:28 of 2nd period - Shot Misses the Net.
0:43 of 2nd period - Shot by Brock McGinn.
0:43 of 2nd period - Shot Misses the Net.
0:52 of 2nd period - Icing by Shea Theodore.
0:53 of 2nd period - William Karlsson wins face-off versus Vincent Trocheck in Lightnings zone.
0:54 of 2nd period - Shot by David Kampf.
0:54 of 2nd period - Stopped by Andrei Vasilevskiy with a rebound.
0:56 of 2nd period - Shot by William Karlsson.
0:56 of 2nd period - Shot Misses the Net.
0:58 of 2nd period - Shot by Andy Greene.
0:58 of 2nd period - Stopped by Andrei Vasilevskiy without a rebound.
0:59 of 2nd period - William Karlsson wins face-off versus Evgeny Kuznetsov in Lightnings zone.
2:08 of 2nd period - Shot by MacKenzie Weegar.
2:08 of 2nd period - Stopped by Jordan Binnington without a rebound.
2:09 of 2nd period - William Karlsson wins face-off versus Vincent Trocheck in Kings zone.
2:46 of 2nd period - Shot by Yanni Gourde.
2:46 of 2nd period - Shot Misses the Net.
2:48 of 2nd period - Shot by Yanni Gourde.
2:48 of 2nd period - Shot Misses the Net.
3:19 of 2nd period - Scott Mayfield is hit by Travis Zajac and loses puck.
3:34 of 2nd period - Shot by Artemi Panarin.
3:34 of 2nd period - Stopped by Jordan Binnington without a rebound.
3:35 of 2nd period - Vincent Trocheck wins face-off versus Teddy Blueger in Kings zone.
3:45 of 2nd period - Icing by Andy Greene.
3:46 of 2nd period - Sam Reinhart wins face-off versus Teddy Blueger in Kings zone.
4:22 of 2nd period - Shot by Josh Anderson.
4:22 of 2nd period - Shot Misses the Net.
4:47 of 2nd period - Victor Hedman is hit by Brock Boeser and loses puck.
5:28 of 2nd period - Off-side.
5:29 of 2nd period - Yanni Gourde wins face-off versus Vincent Trocheck in neutral zone.
5:35 of 2nd period - Icing by Patrik Nemeth.
5:36 of 2nd period - Yanni Gourde wins face-off versus Vincent Trocheck in Lightnings zone.
5:48 of 2nd period - Off-side.
5:49 of 2nd period - Sam Reinhart wins face-off versus David Kampf in neutral zone.
6:29 of 2nd period - Off-side.
6:30 of 2nd period - William Karlsson wins face-off versus Vincent Trocheck in neutral zone.
6:37 of 2nd period - Shot by William Karlsson.
6:37 of 2nd period - Stopped by Andrei Vasilevskiy without a rebound.
6:38 of 2nd period - Vincent Trocheck wins face-off versus Yanni Gourde in Lightnings zone.
6:38 of 2nd period - Vincent Trocheck is hit by Tanner Pearson.
6:39 of 2nd period - Minor Penalty to Tanner Pearson for Holding.
6:40 of 2nd period - Vincent Trocheck wins face-off versus William Karlsson in Kings zone.
6:56 of 2nd period - Shot by Victor Hedman.
6:56 of 2nd period - Stopped by Jordan Binnington without a rebound.
6:57 of 2nd period - Evgeny Kuznetsov wins face-off versus Pierre-Edouard Bellemare in Kings zone.
7:53 of 2nd period - Josh Anderson is hit by Brock McGinn.
8:29 of 2nd period - Shot by Victor Hedman.
8:29 of 2nd period - Stopped by Jordan Binnington without a rebound.
8:30 of 2nd period - Vincent Trocheck wins face-off versus Pierre-Edouard Bellemare in Kings zone.
8:39 of 2nd period - Shot by Vincent Trocheck.
8:39 of 2nd period - Stopped by Jordan Binnington without a rebound.
8:40 of 2nd period - Yanni Gourde wins face-off versus Travis Zajac in Kings zone.
9:00 of 2nd period - Off-side.
9:01 of 2nd period - William Karlsson wins face-off versus Evgeny Kuznetsov in neutral zone.
9:14 of 2nd period - Shot by Artemi Panarin.
9:14 of 2nd period - Shot Misses the Net.
9:46 of 2nd period - Shot by Scott Mayfield.
9:46 of 2nd period - Stopped by Andrei Vasilevskiy without a rebound.
9:47 of 2nd period - Yanni Gourde wins face-off versus Vincent Trocheck in Lightnings zone.
10:46 of 2nd period - Icing by Ryan Carpenter.
10:47 of 2nd period - Sam Reinhart wins face-off versus David Kampf in Kings zone.
10:55 of 2nd period - Minor Penalty to Victor Hedman for Hooking.
10:56 of 2nd period - William Karlsson wins face-off versus Travis Zajac in Lightnings zone.
11:15 of 2nd period - Shot by Johnny Gaudreau.
11:15 of 2nd period - Shot Blocked by Patrik Nemeth.
11:17 of 2nd period - Shot by William Karlsson.
11:17 of 2nd period - Shot Misses the Net.
11:19 of 2nd period - Shot by Zdeno Chara.
11:19 of 2nd period - Shot Misses the Net.
11:21 of 2nd period - Shot by William Karlsson.
11:21 of 2nd period - Stopped by Andrei Vasilevskiy without a rebound.
11:22 of 2nd period - Nick Suzuki wins face-off versus Teddy Blueger in Lightnings zone.
11:56 of 2nd period - Icing by Teddy Blueger.
11:57 of 2nd period - Travis Zajac wins face-off versus Tanner Pearson in Kings zone.
11:57 of 2nd period - Travis Zajac is hit by Shea Weber.
12:27 of 2nd period - Shot by William Karlsson.
12:27 of 2nd period - Stopped by Andrei Vasilevskiy without a rebound.
12:28 of 2nd period - Nick Suzuki wins face-off versus William Karlsson in Lightnings zone.
12:42 of 2nd period - William Karlsson is hit by MacKenzie Weegar and loses puck.
12:58 of 2nd period - Icing by Shea Theodore.
12:59 of 2nd period - David Kampf wins face-off versus Vincent Trocheck in Lightnings zone.
13:02 of 2nd period - Shot by David Kampf.
13:02 of 2nd period - Stopped by Andrei Vasilevskiy without a rebound.
13:03 of 2nd period - Vincent Trocheck wins face-off versus David Kampf in Lightnings zone.
13:33 of 2nd period - Icing by Victor Hedman.
13:34 of 2nd period - Vincent Trocheck wins face-off versus Kyle Connor in Lightnings zone.
13:36 of 2nd period - Icing by Shea Theodore.
13:37 of 2nd period - William Karlsson wins face-off versus Timo Meier in Lightnings zone.
13:50 of 2nd period - Shot by Brock Boeser.
13:50 of 2nd period - Stopped by Andrei Vasilevskiy without a rebound.
13:51 of 2nd period - Evgeny Kuznetsov wins face-off versus Yanni Gourde in Lightnings zone.
13:51 of 2nd period - Artemi Panarin is hit by Tanner Pearson and loses puck.
14:11 of 2nd period - Shot by Matt Niskanen.
14:11 of 2nd period - Shot Misses the Net.
14:13 of 2nd period - Shot by Nick Suzuki.
14:13 of 2nd period - Shot Misses the Net.
14:15 of 2nd period - Shot by Nick Suzuki.
14:15 of 2nd period - Stopped by Jordan Binnington without a rebound.
14:16 of 2nd period - William Karlsson wins face-off versus Sam Reinhart in Kings zone.
15:12 of 2nd period - Shot by Evgeny Kuznetsov.
15:12 of 2nd period - Stopped by Jordan Binnington without a rebound.
15:13 of 2nd period - Vincent Trocheck wins face-off versus Yanni Gourde in Kings zone.
15:35 of 2nd period - Shot by Johnny Gaudreau.
15:35 of 2nd period - Shot Misses the Net.
15:37 of 2nd period - Shot by Tanner Pearson.
15:37 of 2nd period - Stopped by Andrei Vasilevskiy without a rebound.
15:38 of 2nd period - Teddy Blueger wins face-off versus Evgeny Kuznetsov in Lightnings zone.
18:27 of 2nd period - Icing by MacKenzie Weegar.
18:28 of 2nd period - Travis Zajac wins face-off versus Teddy Blueger in Lightnings zone.
18:28 of 2nd period - Travis Zajac is hit by Teddy Blueger.
18:46 of 2nd period - Shot by Brandon Saad.
18:46 of 2nd period - Shot Misses the Net.
19:19 of 2nd period - Minor Penalty to Travis Zajac for Hooking.
19:20 of 2nd period - William Karlsson wins face-off versus Nick Suzuki in Lightnings zone.
19:31 of 2nd period - Shot by Johnny Gaudreau.
19:31 of 2nd period - Shot Hit the Post.
19:49 of 2nd period - Shot by William Karlsson.
19:49 of 2nd period - Stopped by Andrei Vasilevskiy without a rebound.
19:50 of 2nd period - Teddy Blueger wins face-off versus Sam Reinhart in Lightnings zone.
Goals for this period are 0 for Lightnings vs 0 for Kings.
Shots for this period are 7 for Lightnings vs 11 for Kings.

3rd period


0:01 of 3rd period - Nick Suzuki wins face-off versus Teddy Blueger in neutral zone.
0:32 of 3rd period - Shot by Zach Werenski.
0:32 of 3rd period - Shot Misses the Net.
1:12 of 3rd period - Shot by Kyle Connor.
1:12 of 3rd period - Stopped by Andrei Vasilevskiy without a rebound.
1:13 of 3rd period - Sam Reinhart wins face-off versus William Karlsson in Lightnings zone.
1:28 of 3rd period - Shot by Ryan Carpenter.
1:28 of 3rd period - Stopped by Andrei Vasilevskiy without a rebound.
1:29 of 3rd period - David Kampf wins face-off versus Sam Reinhart in Lightnings zone.
1:38 of 3rd period - Shot by Brock McGinn.
1:38 of 3rd period - Stopped by Andrei Vasilevskiy without a rebound.
1:39 of 3rd period - Vincent Trocheck wins face-off versus William Karlsson in Lightnings zone.
1:47 of 3rd period - Off-side.
1:48 of 3rd period - William Karlsson wins face-off versus Sam Reinhart in neutral zone.
1:55 of 3rd period - Shot by Kyle Connor.
1:55 of 3rd period - Stopped by Andrei Vasilevskiy without a rebound.
1:56 of 3rd period - Yanni Gourde wins face-off versus Evgeny Kuznetsov in Lightnings zone.
2:14 of 3rd period - Shot by Yanni Gourde.
2:14 of 3rd period - Shot Blocked by Matt Niskanen.
2:28 of 3rd period - Shot by Yanni Gourde.
2:28 of 3rd period - Stopped by Andrei Vasilevskiy without a rebound.
2:29 of 3rd period - William Karlsson wins face-off versus Josh Anderson in Lightnings zone.
2:29 of 3rd period - William Karlsson is hit by Victor Hedman.
2:30 of 3rd period - Minor Penalty to Shea Theodore for High sticking.
2:31 of 3rd period - Travis Zajac wins face-off versus Johnny Gaudreau in Lightnings zone.
3:30 of 3rd period - Shot by Brock Boeser.
3:30 of 3rd period - Shot Misses the Net.
3:32 of 3rd period - Shot by Tanner Pearson.
3:32 of 3rd period - Stopped by Andrei Vasilevskiy without a rebound.
3:33 of 3rd period - Nick Suzuki wins face-off versus Teddy Blueger in Lightnings zone.
4:54 of 3rd period - Shot by Sam Reinhart.
4:54 of 3rd period - Shot Blocked by Derek Forbort.
4:56 of 3rd period - Shot by Josh Anderson.
4:56 of 3rd period - Stopped by Jordan Binnington without a rebound.
4:57 of 3rd period - Vincent Trocheck wins face-off versus William Karlsson in Kings zone.
4:57 of 3rd period - MacKenzie Weegar is hit by Shea Weber and loses puck.
5:08 of 3rd period - Shot by Timo Meier.
5:08 of 3rd period - Stopped by Jordan Binnington without a rebound.
5:09 of 3rd period - Yanni Gourde wins face-off versus Artemi Panarin in Kings zone.
5:09 of 3rd period - Yanni Gourde is hit by Nick Suzuki.
5:21 of 3rd period - Shot by Johnny Gaudreau.
5:21 of 3rd period - Shot Misses the Net.
5:23 of 3rd period - Shot by Yanni Gourde.
5:23 of 3rd period - Shot Misses the Net.
5:27 of 3rd period - Shot by Tanner Pearson.
5:27 of 3rd period - Goal by Tanner Pearson - Lightnings : 1 - Kings : 1.
5:28 of 3rd period - Travis Zajac wins face-off versus Teddy Blueger in neutral zone.
5:40 of 3rd period - Icing by Shea Weber.
5:41 of 3rd period - Evgeny Kuznetsov wins face-off versus Teddy Blueger in Kings zone.
5:51 of 3rd period - Minor Penalty to Nick Suzuki for Hooking.
5:52 of 3rd period - Travis Zajac wins face-off versus Kyle Connor in Lightnings zone.
6:05 of 3rd period - Shot by Zach Werenski.
6:05 of 3rd period - Shot Blocked by Ethan Bear.
7:19 of 3rd period - Shea Weber is hit by MacKenzie Weegar and loses puck.
7:58 of 3rd period - Shot by Vincent Trocheck.
7:58 of 3rd period - Deflect By David Perron.
7:58 of 3rd period - Stopped by Jordan Binnington without a rebound.
7:59 of 3rd period - Vincent Trocheck wins face-off versus David Kampf in Kings zone.
9:02 of 3rd period - Off-side.
9:03 of 3rd period - William Karlsson wins face-off versus Evgeny Kuznetsov in neutral zone.
9:35 of 3rd period - Shot by Kyle Connor.
9:35 of 3rd period - Deflect By Brock Boeser.
9:35 of 3rd period - Stopped by Andrei Vasilevskiy with a rebound.
9:37 of 3rd period - Shot by Kyle Connor.
9:37 of 3rd period - Shot Misses the Net.
9:39 of 3rd period - Shot by William Karlsson.
9:39 of 3rd period - Deflect By Brock Boeser.
9:39 of 3rd period - Goal by Brock Boeser - Lightnings : 1 - Kings : 2.
9:40 of 3rd period - Yanni Gourde wins face-off versus Travis Zajac in neutral zone.
9:56 of 3rd period - Minor Penalty to Jesper Fast for Slashing.
9:57 of 3rd period - Teddy Blueger wins face-off versus Travis Zajac in Lightnings zone.
10:32 of 3rd period - Shot by Zach Werenski.
10:32 of 3rd period - Shot Blocked by MacKenzie Weegar.
10:34 of 3rd period - Shot by Tanner Pearson.
10:34 of 3rd period - Shot Misses the Net.
10:44 of 3rd period - Nick Suzuki is hit by Kyle Connor and loses puck.
10:51 of 3rd period - Shot by Scott Mayfield.
10:51 of 3rd period - Stopped by Andrei Vasilevskiy without a rebound.
10:52 of 3rd period - Travis Zajac wins face-off versus William Karlsson in Lightnings zone.
11:13 of 3rd period - Icing by William Karlsson.
11:14 of 3rd period - Travis Zajac wins face-off versus William Karlsson in Kings zone.
11:17 of 3rd period - Shot by Brandon Saad.
11:17 of 3rd period - Goal by Brandon Saad - Lightnings : 2 - Kings : 2.
11:18 of 3rd period - Teddy Blueger wins face-off versus Travis Zajac in neutral zone.
11:20 of 3rd period - Off-side.
11:21 of 3rd period - Travis Zajac wins face-off versus William Karlsson in neutral zone.
11:50 of 3rd period - William Karlsson is hit by Nick Suzuki and loses puck.
12:17 of 3rd period - Shot by Jesper Fast.
12:17 of 3rd period - Shot Blocked by Derek Forbort.
13:07 of 3rd period - Off-side.
13:08 of 3rd period - William Karlsson wins face-off versus Evgeny Kuznetsov in neutral zone.
13:13 of 3rd period - Shot by Brock Boeser.
13:13 of 3rd period - Shot Misses the Net.
13:33 of 3rd period - Shot by William Karlsson.
13:33 of 3rd period - Shot Misses the Net.
15:17 of 3rd period - Teddy Blueger is hit by Vincent Trocheck and loses puck.
15:37 of 3rd period - Shot by Teddy Blueger.
15:37 of 3rd period - Stopped by Andrei Vasilevskiy without a rebound.
15:38 of 3rd period - David Kampf wins face-off versus Travis Zajac in Lightnings zone.
15:58 of 3rd period - Jesper Fast is hit by Zdeno Chara and loses puck.
16:18 of 3rd period - Brandon Saad is hit by David Kampf and loses puck.
16:46 of 3rd period - Minor Penalty to Scott Mayfield for Hooking.
16:47 of 3rd period - Vincent Trocheck wins face-off versus Pierre-Edouard Bellemare in Kings zone.
16:47 of 3rd period - Vincent Trocheck is hit by Zach Werenski.
16:53 of 3rd period - Shot by David Perron.
16:53 of 3rd period - Stopped by Jordan Binnington without a rebound.
16:54 of 3rd period - William Karlsson wins face-off versus Evgeny Kuznetsov in Kings zone.
17:03 of 3rd period - Shot by Josh Anderson.
17:03 of 3rd period - Stopped by Jordan Binnington without a rebound.
17:04 of 3rd period - Vincent Trocheck wins face-off versus William Karlsson in Kings zone.
17:27 of 3rd period - Shot by Victor Hedman.
17:27 of 3rd period - Shot Misses the Net.
18:33 of 3rd period - Shot by Shea Theodore.
18:33 of 3rd period - Shot Misses the Net.
19:01 of 3rd period - Shot by Tanner Pearson.
19:01 of 3rd period - Stopped by Andrei Vasilevskiy with a rebound.
19:15 of 3rd period - Shot by Tanner Pearson.
19:15 of 3rd period - Shot Blocked by Ethan Bear.
19:17 of 3rd period - Shot by Tanner Pearson.
19:17 of 3rd period - Stopped by Andrei Vasilevskiy without a rebound.
19:18 of 3rd period - William Karlsson wins face-off versus Evgeny Kuznetsov in Lightnings zone.
19:30 of 3rd period - Shot by William Karlsson.
19:30 of 3rd period - Shot Misses the Net.
19:46 of 3rd period - Shot by Scott Mayfield.
19:46 of 3rd period - Stopped by Andrei Vasilevskiy without a rebound.
19:47 of 3rd period - Travis Zajac wins face-off versus Yanni Gourde in Lightnings zone.
19:54 of 3rd period - Shot by MacKenzie Weegar.
19:54 of 3rd period - Shot Blocked by Andy Greene.
Goals for this period are 1 for Lightnings vs 2 for Kings.
Shots for this period are 6 for Lightnings vs 14 for Kings.

Overtime #1


0:01 of 1st overtime period - William Karlsson wins face-off versus Vincent Trocheck in neutral zone.
0:03 of 1st overtime period - Off-side.
0:04 of 1st overtime period - Vincent Trocheck wins face-off versus William Karlsson in neutral zone.
0:35 of 1st overtime period - Shot by Kyle Connor.
0:35 of 1st overtime period - Shot Blocked by Victor Hedman.
1:23 of 1st overtime period - Shot by MacKenzie Weegar.
1:23 of 1st overtime period - Stopped by Jordan Binnington with a rebound.
3:33 of 1st overtime period - Icing by Teddy Blueger.
3:34 of 1st overtime period - Vincent Trocheck wins face-off versus Teddy Blueger in Kings zone.
3:37 of 1st overtime period - Shot by Vincent Trocheck.
3:37 of 1st overtime period - Deflect By Artemi Panarin.
3:37 of 1st overtime period - Shot Misses the Net.
3:39 of 1st overtime period - Shot by Vincent Trocheck.
3:39 of 1st overtime period - Shot Misses the Net.
4:39 of 1st overtime period - Shot by David Perron.
4:39 of 1st overtime period - Shot Blocked by Zach Werenski.
Goals for this period are 0 for Lightnings vs 0 for Kings.
Shots for this period are 1 for Lightnings vs 0 for Kings.

ShootOut


5:00 of 1st overtime period - Round #1.
5:00 of 1st overtime period - Lightnings, Artemi Panarin.
5:00 of 1st overtime period - Goal by Artemi Panarin.
5:00 of 1st overtime period - Kings, William Karlsson.
5:00 of 1st overtime period - Stopped by Andrei Vasilevskiy.
5:00 of 1st overtime period - Round #2.
5:00 of 1st overtime period - Lightnings, Evgeny Kuznetsov.
5:00 of 1st overtime period - Goal by Evgeny Kuznetsov.
5:00 of 1st overtime period - Kings, Johnny Gaudreau.
5:00 of 1st overtime period - Goal by Johnny Gaudreau.
5:00 of 1st overtime period - Round #3.
5:00 of 1st overtime period - Lightnings, Nick Suzuki.
5:00 of 1st overtime period - Stopped by Jordan Binnington.
5:00 of 1st overtime period - Kings, Kyle Connor.
5:00 of 1st overtime period - Stopped by Andrei Vasilevskiy.